[Event "*** Titled Tuesday Blitz"]
[Site "Chess.com"]
[Date "2020.10.20"]
[Round "6"]
[White "Ladislav1969"]
[Black "RasSanti"]
[Result "1-0"]
[WhiteElo "2420"]
[BlackElo "2277"]
[TimeControl "180+1"]
[EndTime "11:08:50 PDT"]
[Termination "Ladislav1969 won by resignation"]

1. e4 c6 2. d4 d5 3. e5 Bf5 4.
Nd2 e6 5. Nb3 Nd7 6. Nf3 Bg4 7. h3 Bh5 8. Be3 Qb6 9. a4 a5 10.
Be2 Ne7 11. g4 Bg6 12. O-O h5 13. Nfd2 hxg4 14. hxg4 f6 15. f4 Be4 16. Nxe4 dxe4 17. c4 fxe5 18. fxe5 Ng6 19. Kg2 Be7 20. Nd2 O-O-O 21.
Nxe4 Ndxe5 22. Bg1 Nh4+ 23. Kg3 g5 24. dxe5 Rxd1 25.
Bxb6 Rxa1 26. Rxa1 Bb4 27. Rd1 Ng6 28. Nxg5 Nxe5 29.
Nxe6 Re8 30. Rd8+ Rxd8 31. Nxd8 Bd6 32. Kg2 Kd7 33. c5 Be7 34. g5 Bxd8 35. Bxd8 Kxd8 36. Kg3 Ke7 37. Kf4 Ke6 38. Bg4+ Nxg4 39. Kxg4 Kd5 40. Kf5 Kxc5 41. g6 b5 42. g7 bxa4 43. g8=Q Kb4 44.
Qa2 1-0

[Event "*** Titled Tuesday Blitz"]
[Site "Chess.com"]
[Date "2020.10.20"]
[Round "6"]
[White "Goryachkina"]
[Black "crescentmoon2411"]
[Result "1/2-1/2"]
[WhiteElo "2668"]
[BlackElo "2870"]
[TimeControl "180+1"]
[EndTime "11:08:51 PDT"]
[Termination "Game drawn by repetition"]

1. e4 e6 2. d4 d5 3. exd5 exd5 4.
Bd3 Nc6 5. c3 Bd6 6. Qf3 Be6 7.
Ne2 Qf6 8. Bf4 Nge7 9. Bxd6 Qxf3 10. gxf3 cxd6 11. Nd2 Bf5 12. Bxf5 Nxf5 13. Nf4 Nce7 14. Ke2 h5 15. Nf1 Kd7 16. Ne3 Rae8 17. Rhg1 g6 18.
Rae1 Kc6 19. Nd3 a5 20. f4 Nxe3 21. fxe3 Nf5 22. Kf3 Re6 23. Re2 Rhe8 24. Rge1 b5 25. b4 a4 26. Nf2 Kb6 27. e4 dxe4+ 28. Rxe4 Rxe4 29. Rxe4 Rc8 30. Nd1 Kc6 31. Ke2 Kd5 32. Kd3 Kc6 33. Ne3 Nxe3 34. Rxe3 Kd7 35. h4 d5 36. Re5 Kd6 37. f5 Rc7 38. f6 Rd7 39. Re8 Kc6 40. Rf8 Kd6 41. Re8 Kc6 42. Rf8 Kd6 43.
Re8 1/2-1/2

[Event "*** Titled Tuesday Blitz"]
[Site "Chess.com"]
[Date "2020.10.20"]
[Round "6"]
[White "zajka-molotok"]
[Black "XDPS"]
[Result "0-1"]
[WhiteElo "2497"]
[BlackElo "2719"]
[TimeControl "180+1"]
[EndTime "11:08:53 PDT"]
[Termination "XDPS won on time"]

1. d4 d5 2. c4 c6 3. cxd5 cxd5 4. Nc3 Nc6 5. e4 dxe4 6. d5 Ne5 7. Qa4+ Bd7 8. Qxe4 Ng6 9. Bc4 Nf6 10. Qe2 a6 11. Nf3 Qc7 12. O-O Rc8 13. Bb3 b5 14. a3 Qb7 15.
Re1 Rxc3 16. bxc3 Nxd5 17. Qe4 Bc6 18. Nd4 Nb4 19. Nxc6 Nxc6 20. Bd5 Kd7 21. Bxf7 e5 22. Be3 Bd6 23. Rad1 Kc7 24. c4 Bxa3 25. cxb5 axb5 26. Bd5 Nge7 27. Bxc6 Nxc6 28. Qd3 Be7 29. Qd7+ Kb8 30.
Qe6 Rd8 31. Rxd8+ Bxd8 32. Ra1 Bf6 33. Bc5 Qc8 34. Bd6+ Kb7 35. Qf7+ Kb6 36. Qd5 Nd4 37.
Rb1 Qc6 38. Qxc6+ Kxc6 39. Bb4 Kd5 40. f3 Kc4 0-1

[Event "*** Titled Tuesday Blitz"]
[Site "Chess.com"]
[Date "2020.10.20"]
[Round "6"]
[White "kot60"]
[Black "Margarita2907"]
[Result "0-1"]
[WhiteElo "2326"]
[BlackElo "2179"]
[TimeControl "180+1"]
[EndTime "11:08:53 PDT"]
[Termination "Margarita2907 won on time"]

1. e4 c5 2. Nc3 a6 3. a4 d6 4. Bc4 e6 5. d3 g6 6. f4 Bg7 7. f5 exf5 8. Nge2 Ne7 9. O-O O-O 10.
Ng3 fxe4 11. dxe4 Nbc6 12. Bg5 Qd7 13. Qd2 Ne5 14. Bd5 N7c6 15. h3 Nd4 16. Rf2 Qe8 17.
Nce2 Nxe2+ 18. Qxe2 Rb8 19. a5 Be6 20. Rd1 Bxd5 21. Rxd5 Qe6 22. b3 Nc6 23. Qd2 Nd4 24. Bf4 Rbd8 25. Qd3 Nb5 26. Kh1 Rd7 27. Rd2 Rfd8 28.
Rd1 Nc3 29. Rd2 Nxd5 30. exd5 Qe1+ 31. Kh2 Re8 32. Rd1 Qe7 33. c4 Be5 34. Rf1 Bxf4 35. Rxf4 Qe3 36. Qf1 Rde7 37. Rf3 Qe1 38. Qd3 Qc1 0-1

[Event "*** Titled Tuesday Blitz"]
[Site "Chess.com"]
[Date "2020.10.20"]
[Round "6"]
[White "tylityli"]
[Black "Teo2000"]
[Result "0-1"]
[WhiteElo "2231"]
[BlackElo "2450"]
[TimeControl "180+1"]
[EndTime "11:08:54 PDT"]
[Termination "Teo2000 won by checkmate"]

1. d4 Nf6 2. c4 c5 3. d5 b5 4.
Nd2 e6 5. e4 bxc4 6. Bxc4 Bb7 7.
Qe2 exd5 8. e5 Ne4 9. Bxd5 Bxd5 10. Nxe4 Be7 11. Nd6+ Kf8 12. Nf3 Nc6 13. Nf5 Qc7 14. O-O Re8 15. Bf4 Bf6 16. Rfe1 Bxf3 17.
Qxf3 Bxe5 18. Qg3 Rg8 19. Bxe5 Rxe5 20. Qg4 g6 21. Ne3 Kg7 22. Nc4 h5 23. Qh4 Re6 24.
Ne3 Rge8 25. Red1 Nd4 26. h3 Qc6 27. Qf4 Re4 28. Qf3 Nxf3+ 29. gxf3 Rxe3 30. fxe3 Qxf3 31. Rxd7 Rxe3 32. Rf1 Qg3+ 33. Kh1 Qxh3+ 34. Kg1 Rg3+ 35. Kf2 Rf3+ 36. Ke2 Qxf1+ 37. Kd2 Qf2+ 38. Kc1 Qe3+ 39. Kc2 Rf2+ 40. Kd1 Qe2+ 41. Kc1 Qc2# 0-1

[Event "*** Titled Tuesday Blitz"]
[Site "Chess.com"]
[Date "2020.10.20"]
[Round "6"]
[White "AndrewMaco"]
[Black "Gabrielian_Artur"]
[Result "0-1"]
[WhiteElo "2616"]
[BlackElo "2782"]
[TimeControl "180+1"]
[EndTime "11:08:55 PDT"]
[Termination "Gabrielian_Artur won by resignation"]

1. e4 c5 2. Nf3 d6 3. d4 cxd4 4. Nxd4 Nf6 5. Nc3 Nc6 6. Bg5 e6 7. Qd2 a6 8. O-O-O Bd7 9. f3 Be7 10. Be3 b5 11. Nxc6 Bxc6 12. Ne2 Rc8 13. Nd4 Bb7 14. Kb1 O-O 15. g4 d5 16. e5 Nd7 17. f4 Nc5 18. Bd3 Ne4 19. Qe1 Qc7 20. h4 b4 21. g5 a5 22. g6 hxg6 23. h5 g5 24. Qg1 a4 25. Bxe4 dxe4 26. Qh2 b3 27.
cxb3 axb3 28. axb3 Ba6 29. f5 exf5 30. Nxf5 Bd3+ 31. Rxd3 exd3 32. Nxe7+ Qxe7 33. h6 g6 34. h7+ Kh8 35. Rg1 f6 36. Bd4 Qd7 37. Qf2 Rc2 38.
Qe3 Re2 39. Qxd3 Rxe5 40. Qc3 Qf5+ 41. Kc1 Rc8 42. Bxe5 fxe5 43. Rd1 Rxc3+ 44. bxc3 Kxh7 0-1

[Event "*** Titled Tuesday Blitz"]
[Site "Chess.com"]
[Date "2020.10.20"]
[Round "6"]
[White "Loy_Konstantin"]
[Black "TigranMukhutdinov"]
[Result "0-1"]
[WhiteElo "2364"]
[BlackElo "2525"]
[TimeControl "180+1"]
[EndTime "11:08:56 PDT"]
[Termination "TigranMukhutdinov won on time"]

1. e4 c5 2. Nf3 Nc6 3. Nc3 e5 4. Bc4 Be7 5. O-O d6 6. d3 Nf6 7.
Ng5 O-O 8. f4 h6 9. Nf3 Bg4 10.
h3 Bxf3 11. Qxf3 Nd4 12. Qf2 a6 13. a4 Rb8 14. fxe5 dxe5 15. Be3 Kh8 16. Bxd4 cxd4 17.
Nd5 b5 18. axb5 axb5 19. Bb3 Nd7 20. Ra7 Bc5 21. Raa1 f6 22. Qf5 Nb6 23. Nxb6 Bxb6 24. Rf3 Qc8 25. Qg6 Qe8 26. Qg4 g6 27. Raf1 Kg7 28.
Rg3 h5 29. Qxh5 Rh8 30. Qg4 Rc8 31. Rgf3 Rc6 32. Kh2 Rd6 33. Rg3 Rh6 34. Ra1 Qd7 35. Qxd7+ Rxd7 36. Ra6 Rb7 37. Rf3 Rh8 38. Rf1 Rc8 39.
Rfa1 Rcc7 40. g3 f5 41. exf5 gxf5 42. Kg2 e4 43. dxe4 fxe4 44. Re1 e3 45. Re2 Rb8 46. Ra1 Rf8 47. Rf1 Rxf1 48. Kxf1 Ra7 49. Kg2 Ra1 50. h4 Rb1 51. g4 Rxb2 52. g5 d3 0-1

[Event "*** Titled Tuesday Blitz"]
[Site "Chess.com"]
[Date "2020.10.20"]
[Round "6"]
[White "ChainsOfFantasia"]
[Black "manitodeplomo"]
[Result "1/2-1/2"]
[WhiteElo "2489"]
[BlackElo "2665"]
[TimeControl "180+1"]
[EndTime "11:08:57 PDT"]
[Termination "Game drawn by repetition"]

1. d4 c5 2. d5 g6 3. Nf3 Bg7 4. Nc3 d6 5. e4 Nf6 6. Bb5+ Bd7 7. a4 Bxb5 8. axb5 Nbd7 9. O-O O-O 10. Bf4 Nb6 11.
Qe2 Ne8 12. h4 Nc7 13. h5 Qd7 14. h6 Bxc3 15. bxc3 Qxb5 16. Qd1 Qc4 17. Re1 f6 18. Ra3 Qb5 19. Qa1 Qd7 20. Rxa7 Nb5 21. Rxa8 Rxa8 22.
Qb2 Nc4 23. Qb3 Nba3 24. Ra1 b5 25. Bc1 Ra5 26. Nd2 Nxd2 27. Bxd2 Qa7 28. Bc1 Nc4 29.
Rxa5 Qxa5 30. Kh2 Kf7 31. Bf4 g5 32. Bg3 Kg6 33. Qb1 Kxh6 34. Qd1 Kg6 35. Qg4 Qxc3 36. Qe6 Ne5 37. Qxe7 Ng4+ 38. Kh3 Nxf2+ 39. Kh2 Ng4+ 40. Kh3 h5 41. Qe8+ Kg7 42. Qe7+ Kg6 43. Qe8+ Kg7 44. Qe7+ Kg6 1/2-1/2

[Event "*** Titled Tuesday Blitz"]
[Site "Chess.com"]
[Date "2020.10.20"]
[Round "6"]
[White "Chessalary"]
[Black "xberli"]
[Result "0-1"]
[WhiteElo "2349"]
[BlackElo "2564"]
[TimeControl "180+1"]
[EndTime "11:08:57 PDT"]
[Termination "xberli won by resignation"]

1. d4 Nf6 2. Nf3 g6 3. e3 Bg7 4. Be2 O-O 5. O-O d5 6. c4 c5 7. Nc3 cxd4 8. exd4 Nc6 9. Be3 Bg4 10. Ne5 Bxe2 11.
Qxe2 Rc8 12. Nxc6 Rxc6 13. c5 b6 14. b4 Rc8 15. Rac1 Qd7 16. Rfd1 Rfd8 17. b5 Ng4 18. c6 Qf5 19. h3 Nxe3 20. Qxe3 e6 21. g4 Qf6 22. f4 Re8 23. a4 Qe7 24. Ne2 Qb4 25.
Ra1 f6 26. Qc3 Qd6 27. Qa3 Qc7 28. a5 e5 29. axb6 axb6 30. dxe5 fxe5 31. Qa7 Qd6 32. Qd7 Qc5+ 33. Kf1 Rcd8 34. Rxd5 Qxd5 35. Qxd5+ Rxd5 36. Nc3 Rd4 37. Ra7 exf4 38. c7 f3 39. Rb7 Be5 40. Kf2 Rd2+ 41. Kxf3 Rd3+ 0-1

[Event "*** Titled Tuesday Blitz"]
[Site "Chess.com"]
[Date "2020.10.20"]
[Round "6"]
[White "TorFredrikKaasen"]
[Black "maxip32"]
[Result "1-0"]
[WhiteElo "2694"]
[BlackElo "2428"]
[TimeControl "180+1"]
[EndTime "11:08:57 PDT"]
[Termination "TorFredrikKaasen won by resignation"]

1. d4 Nf6 2. c4 g6 3. Nc3 Bg7 4.
e4 d6 5. h3 O-O 6. Be3 Na6 7. g4 c5 8. d5 e6 9. Nge2 exd5 10.
exd5 Re8 11. Bg2 Nc7 12. O-O h5 13. g5 Nd7 14. Qd2 Ne5 15. b3 Bf5 16. f4 Nd7 17. Kh2 Qe7 18. Bf2 f6 19. Ng3 fxg5 20. Nxf5 gxf5 21.
fxg5 Qe5+ 22. Bg3 Qxc3 23. Qf2 Be5 24. Bxe5 Qxe5+ 25. Kh1 Re7 26. Qh4 Kg7 27. Rae1 Rh8 28. Rxe5 Rxe5 29. g6 Kxg6 30. Rg1 Kf7 31. Bf3 Nf6 32. Qg5 Rg8 33. Bxh5+ Ke7 34. Qh6 Rxg1+ 35. Kxg1 Nce8 36. Bxe8 Nxe8 37. Qh7+ Kf6 38. h4 f4 39. h5 Rg5+ 40. Kf2 Ng7 41. h6 Nf5 42. Qh8+ Kf7 43. h7 1-0

[Event "*** Titled Tuesday Blitz"]
[Site "Chess.com"]
[Date "2020.10.20"]
[Round "6"]
[White "dopolian"]
[Black "annamaja"]
[Result "1-0"]
[WhiteElo "2421"]
[BlackElo "2283"]
[TimeControl "180+1"]
[EndTime "11:08:57 PDT"]
[Termination "dopolian won by checkmate"]

1. Nf3 Nf6 2. c4 e6 3. Nc3 b6 4.
g3 Bb7 5. Bg2 Be7 6. O-O O-O 7.
d4 c5 8. d5 exd5 9. cxd5 d6 10.
a4 Nbd7 11. e4 Re8 12. Nd2 Bf8 13. Nc4 a6 14. Re1 Qc7 15. Bf4 h6 16. h4 Ne5 17.
Bxe5 dxe5 18. Qb3 Nd7 19. Bh3 Rab8 20. Bxd7 Qxd7 21. Nxb6 Qc7 22. a5 Be7 23. Red1 Qd8 24. Nca4 Bc8 25. Rac1 Bg4 26. Rd3 g5 27. hxg5 Bxg5 28.
Rxc5 h5 29. Rcc3 h4 30. gxh4 Bxh4 31. Rg3 Bxg3 32. Rxg3 Qg5 33. Qe3 Qxe3 34. Rxg4+ Kf8 35. fxe3 Ke7 36. Nc3 Kd6 37. Rg7 Rb7 38. Kf2 Kc5 39. Ke2 Kb4 40. Kd3 Kxa5 41. Nc4+ Kb4 42. Nd6 Rbe7 43.
Nxe8 Rxe8 44. Rxf7 Kb3 45. Rb7# 1-0

[Event "*** Titled Tuesday Blitz"]
[Site "Chess.com"]
[Date "2020.10.20"]
[Round "6"]
[White "Pertinhez76"]
[Black "anon569"]
[Result "0-1"]
[WhiteElo "2140"]
[BlackElo "2266"]
[TimeControl "180+1"]
[EndTime "11:08:57 PDT"]
[Termination "anon569 won by checkmate"]

1. e4 c5 2. Nf3 d6 3. c3 Nf6 4.
d3 Nc6 5. Nbd2 e5 6. g3 Be7 7. Bg2 O-O 8. O-O d5 9. Qc2 Re8 10. Re1 Bf8 11. a4 h6 12. Nh4 Be6 13. Nf1 d4 14. Nd2 dxc3 15. bxc3 Qd7 16. a5 Rad8 17. Bf1 Qc7 18. a6 b6 19. Nc4 g6 20. Ne3 Na5 21.
Bb2 Qc8 22. f4 exf4 23. gxf4 Ng4 24. f5 Nxe3 25. Rxe3 gxf5 26. Rg3+ Kh7 27. d4 cxd4 28. exf5 Bb3 29. Qg2 d3 30. f6 Qc5+ 31. Kh1 Bd5 32. Nf3 Bxf3 33. Qxf3 Qd5 34. Qxd5 Rxd5 35. Bxd3+ Kh8 36. Rag1 Bd6 37. Rg7 Rxd3 38. Rxf7 Rd2 39. Bc1 Rxh2# 0-1

[Event "*** Titled Tuesday Blitz"]
[Site "Chess.com"]
[Date "2020.10.20"]
[Round "6"]
[White "RamyresCoelho"]
[Black "pfalcon1949"]
[Result "1-0"]
[WhiteElo "2060"]
[BlackElo "1974"]
[TimeControl "180+1"]
[EndTime "11:08:58 PDT"]
[Termination "RamyresCoelho won on time"]

1. e4 c6 2. d4 d5 3. Nc3 dxe4 4.
Nxe4 Nf6 5. Nxf6+ exf6 6. Nf3 Bd6 7. Bd3 O-O 8. O-O Re8 9. Re1 Nd7 10. Rxe8+ Qxe8 11. Be3 Nf8 12. Qd2 Ng6 13. Re1 Be6 14.
h3 Qd7 15. c4 Re8 16. b3 b6 17. Qc3 Rd8 18. Nd2 Bb8 19. Bxg6 hxg6 20. Ne4 Bxh3 21. gxh3 Qxh3 22. Ng3 Bxg3 23. fxg3 Qxg3+ 24. Kf1 Qf3+ 25. Kg1 b5 26. Bd2 Qg4+ 27. Kf2 Rxd4 28. Qe3 Qh4+ 29. Kf1 Rg4 30. Qf2 Qh3+ 31. Ke2 Re4+ 32. Kd1 Qg4+ 33. Kc1 Rxe1+ 34. Qxe1 bxc4 35. b4 Qd4 36. Qe8+ Kh7 37.
Qxc6 Qg1+ 38. Kc2 Qd4 39. Qh1+ Kg8 40. Qf3 Qa1 41. Qa3 Qf1 42. Qxa7 Qd3+ 43. Kc1 c3 44. Qa8+ Kh7 45. Qh1+ Kg8 46. Be1 Qe3+ 47. Kc2 Qe2+ 48. Kxc3 Qxa2 49. Qg1 Qa3+ 50. Kc2 Qa2+ 51. Kd3 Qd5+ 52. Qd4 Qb3+ 53. Bc3 Qd1+ 54. Kc4 Qe2+ 55.
Kc5 Qe7+ 56. Qd6 Qa7+ 57. Qb6 Qe7+ 58. Kb5 Qd7+ 59. Qc6 Qd3+ 60. Kb6 Qe3+ 61. Kb7 Qe7+ 62. Kb8 Qe4 63. Qxe4 f5 64. Qe8+ Kh7 65. b5 1-0

[Event "*** Titled Tuesday Blitz"]
[Site "Chess.com"]
[Date "2020.10.20"]
[Round "6"]
[White "German_Bazeev"]
[Black "GigaQuparadze"]
[Result "0-1"]
[WhiteElo "2711"]
[BlackElo "2875"]
[TimeControl "180+1"]
[EndTime "11:08:59 PDT"]
[Termination "GigaQuparadze won on time"]

1. d4 e6 2. Nf3 c5 3. d5 exd5 4. Nc3 d4 5. Nd5 Ne7 6. e4 Nxd5 7. exd5 Bd6 8. Bd3 Qe7+ 9. Kf1 O-O 10. h4 h6 11. Bg5 f6 12. Bd2 Qf7 13. c4 dxc3 14. Bxc3 b6 15. Qc2 Ba6 16. Rd1 b5 17. Bg6 b4+ 18. Kg1 Qe7 19. Bd2 f5 20. Bg5 Qe2 21. Qc1 Qc4 22. Qd2 Qe2 23. Qc1 Qc4 24. Bxh6 Qxc1 25. Bxc1 Be2 26. Re1 Bxf3 27. gxf3 Na6 28.
h5 Nc7 29. h6 Nxd5 30. Rd1 Rf6 31. Bh5 Nf4 32. Rxd6 Ne2+ 33. Kg2 Rxd6 34. h7+ Kh8 35. Bg5 f4 36. Bg4 Rg6 37. Bh4 d5 38. Re1 Nd4 39. Kh3 Kxh7 40. Re5 Rd6 41. Be7 Rh6+ 42. Bh4 Rd8 43. Bh5 Rdd6 44. Kg4 c4 45. Bg5 Rhe6 0-1

[Event "*** Titled Tuesday Blitz"]
[Site "Chess.com"]
[Date "2020.10.20"]
[Round "6"]
[White "Kildepiotr"]
[Black "eljanov"]
[Result "0-1"]
[WhiteElo "2663"]
[BlackElo "2885"]
[TimeControl "180+1"]
[EndTime "11:08:59 PDT"]
[Termination "eljanov won by resignation"]

1. Nf3 d5 2. g3 Bg4 3. Bg2 c6 4. O-O Nf6 5. d3 e6 6. Nbd2 Be7 7. e4 O-O 8. h3 Bh5 9. Qe1 a5 10.
g4 Bg6 11. Ne5 Nbd7 12. Nxg6 hxg6 13. e5 Ne8 14. f4 a4 15. a3 Qb6+ 16. Kh2 Qc5 17.
Qd1 f6 18. Nf3 fxe5 19. fxe5 Nc7 20. d4 Qb6 21. Qd3 Rf7 22. Qxg6 Nf8 23. Qd3 c5 24.
dxc5 Qxc5 25. Be3 Qb5 26. Nd4 Qxd3 27. cxd3 Na6 28. Rxf7 Kxf7 29. Rf1+ Ke8 30. Nb5 Rc8 31. Nc3 Nc5 32. Bxc5 Bxc5 33. Rf4 Ng6 34. Rxa4 Be3 35. d4 Kd7 36. Bf1 Rf8 37. Bb5+ Kc7 38. Nd1 Bf4+ 39. Kg1 Nh4 40. Be2 Bd2 41. Kh2 g5 42. Ra7 Ng6 43.
Ba6 Kb6 44. Rxb7+ Kxa6 45. Rg7 Nh4 46. Re7 Nf3+ 47. Kg2 Nxd4 48. Nc3 Rb8 49. Na4 Rc8 50. b4 Rc2 51. Nc5+ Kb5 52. Kf1 Be3 53. Nxe6 Rc1+ 54.
Kg2 Rg1+ 0-1

[Event "*** Titled Tuesday Blitz"]
[Site "Chess.com"]
[Date "2020.10.20"]
[Round "6"]
[White "KetiGrant"]
[Black "Zhani-Z"]
[Result "1-0"]
[WhiteElo "2330"]
[BlackElo "2529"]
[TimeControl "180+1"]
[EndTime "11:09:00 PDT"]
[Termination "KetiGrant won on time"]

1. e4 e5 2. Nf3 Nc6 3. Bb5 a6 4. Ba4 d6 5. c3 f5 6. exf5 Bxf5 7. d4 e4 8. Ng5 Be7 9. d5 b5 10. Bc2 Bxg5 11. Qh5+ Bg6 12. Qxg5 Nce7 13. O-O Nf6 14. c4 bxc4 15. Nc3 O-O 16. Be3 Qe8 17. Bd4 h6 18. Qd2 e3 19. Bxe3 Bxc2 20. Qxc2 Nexd5 21. Nxd5 Nxd5 22. Qxc4 Qf7 23. Bd2 a5 24. Rac1 a4 25. f4 Rfb8 26.
Rc2 c5 27. f5 Nb4 28. Bxb4 Rxb4 29. Qd3 Rd4 30. Qf3 Rf8 31. Qc6 Qd5 32. Qd7 Rd1 33.
Rf2 Rxf1+ 34. Rxf1 Qxa2 35. Qxd6 Qxb2 36. Qxc5 a3 37.
Qd5+ Kh8 38. h3 a2 39. Qa5 Qc2 40. Kh1 Qe2 41. Kg1 Rf6 42. Qa8+ 1-0

[Event "*** Titled Tuesday Blitz"]
[Site "Chess.com"]
[Date "2020.10.20"]
[Round "6"]
[White "Legendinunknown"]
[Black "Das_Virus_2020"]
[Result "1-0"]
[WhiteElo "2600"]
[BlackElo "2424"]
[TimeControl "180+1"]
[EndTime "11:09:00 PDT"]
[Termination "Legendinunknown won by resignation"]

1. d4 Nf6 2. c4 c5 3. d5 b5 4. Nf3 Bb7 5. Nbd2 b4 6. e4 d6 7. Bd3 e5 8. O-O g6 9. g3 Bg7 10. Nh4 O-O 11. Qe1 Bc8 12. f4 exf4 13. gxf4 Nh5 14.
Ndf3 Bh3 15. Rf2 Bg4 16. Rg2 Bxf3 17. Nxf3 Nd7 18. Be3 Qe7 19. Qd2 Rae8 20. Re1 Qf6 21. Rf1 a5 22. Ng5 a4 23. Qf2 a3 24. bxa3 bxa3 25. Qh4 Qc3 26. Rd1 Rb8 27. e5 dxe5 28.
Nxh7 e4 29. Nxf8 Nxf8 30. Rc2 Qa5 31. Be2 Rb2 32. Rcd2 Qc3 33. Qf2 Nd7 34. Bxh5 gxh5 35. d6 Nf6 36. Bxc5 Ng4 37. d7 Nxf2 38. d8=Q+ Kh7 39. Rxf2 e3 40. Bxe3 Qxe3 41. Qd3+ Qxd3 42. Rxd3 Bf8 43. Rxb2 axb2 44. Rb3 Bg7 45. Kg2 Kg6 46. a4 Kf5 47. a5 Kxf4 48. a6 Bd4 49. Rxb2 1-0

[Event "*** Titled Tuesday Blitz"]
[Site "Chess.com"]
[Date "2020.10.20"]
[Round "6"]
[White "mirceaparligras"]
[Black "NeverW84M8"]
[Result "1-0"]
[WhiteElo "2652"]
[BlackElo "2460"]
[TimeControl "180+1"]
[EndTime "11:09:02 PDT"]
[Termination "mirceaparligras won by checkmate"]

1. d4 Nf6 2. c4 c5 3. d5 e6 4. Nc3 exd5 5. cxd5 d6 6. Nf3 g6 7. Nd2 Bg7 8. e4 O-O 9. Be2 a6 10. a4 Re8 11. O-O Nbd7 12. Re1 Qc7 13. h3 Rb8 14.
Qc2 g5 15. Nf1 h6 16. Ng3 Ne5 17. Bd2 c4 18. a5 Bd7 19. Be3 g4 20. h4 h5 21. Bb6 Qc8 22. Nd1 Ng6 23. Qxc4 Nxh4 24. Qb4 Ng6 25. Ne3 h4 26. Rac1 hxg3 27. Rxc8 gxf2+ 28. Kxf2 Rbxc8 29. Bd3 Ne5 30. Bb1 Bb5 31. Nf5 Bd3 32. Kg1 Rc4 33. Qxd6 Bxb1 34. Nxg7 Kxg7 35. Rxb1 Rxe4 36. Rf1 Ned7 37. Qg3 R8e5 38. Bd8 Rxd5 39. Bxf6+ Nxf6 40. Qc3 Rde5 41. Qc7 Re2 42. Qxb7 Rd2 43. Qxa6 Re6 44. Qc4 Ree2 45. Qc6 Kg6 46. Qxf6+ Kh5 47. Rf5# 1-0

[Event "*** Titled Tuesday Blitz"]
[Site "Chess.com"]
[Date "2020.10.20"]
[Round "6"]
[White "poppy73"]
[Black "BanjoKazooieN64"]
[Result "0-1"]
[WhiteElo "2232"]
[BlackElo "2382"]
[TimeControl "180+1"]
[EndTime "11:09:02 PDT"]
[Termination "BanjoKazooieN64 won on time"]

1. e4 e5 2. Nf3 Nc6 3. Bb5 f5 4. Nc3 Nf6 5. exf5 Bc5 6. O-O O-O 7. Bxc6 dxc6 8. Nxe5 Bxf5 9. d3 Bd4 10. Nf3 Bg4 11. h3 Bh5 12. Be3 c5 13. Bg5 Qd7 14. Qd2 Bxf3 15. gxf3 Qxh3 16. Qf4 Nh5 17. Qg4 Qxg4+ 18.
fxg4 Ng3 19. Kg2 Nxf1 20. Rxf1 h6 21. Bd2 g5 22. Ne4 b6 23. b3 Rae8 24. a4 a5 25.
f3 Kg7 26. Rh1 Kg6 27. Rf1 Be5 28. Rh1 Bf4 29. Bc3 Rf7 30. Rf1 Re6 31. Bb2 h5 32.
gxh5+ Kxh5 33. Rh1+ Kg6 34. Rh3 Rh7 35. Rxh7 Kxh7 36.
Nf6+ Kg6 37. Ne4 Re7 38. Bc3 Rh7 39. Nf2 Rh2+ 40. Kg1 Kf5 41. Bb2 Bg3 42. Ne4 Bf4 0-1

[Event "*** Titled Tuesday Blitz"]
[Site "Chess.com"]
[Date "2020.10.20"]
[Round "6"]
[White "BigAl"]
[Black "Shubinkirill2003"]
[Result "0-1"]
[WhiteElo "2463"]
[BlackElo "2655"]
[TimeControl "180+1"]
[EndTime "11:09:03 PDT"]
[Termination "Shubinkirill2003 won by checkmate"]

1. Nf3 Nf6 2. g3 b5 3. Bg2 Bb7 4. O-O e6 5. d3 c5 6. e4 d6 7. a4 b4 8. Nbd2 Be7 9. e5 dxe5 10. Nxe5 Bxg2 11. Kxg2 Qd5+ 12. Qf3 O-O 13. a5 a6 14.
Ndc4 Ra7 15. Bf4 Rc8 16. Rfe1 Nc6 17. Nb6 Qxf3+ 18. Kxf3 Nxe5+ 19. Bxe5 Rd8 20. b3 Nd5 21. h4 Rb7 22. Nc4 Bf6 23. Bxf6 gxf6 24. g4 Kg7 25. g5 f5 26. h5 h6 27. Rg1 hxg5 28. Rxg5+ Kh6 29. Rag1 Nf6 30. R5g2 Ng4 31. Ne3 Ne5+ 32.
Kf4 f6 33. Nc4 Rd4+ 34. Ke3 f4+ 35. Kd2 Nf3+ 36. Ke2 Nxg1+ 37. Rxg1 Kxh5 38. Kf3 e5 39. Nd2 f5 40. Rg8 Re7 41. Nc4 e4+ 42. dxe4 fxe4+ 43. Ke2 e3 44. f3 Kh6 45. Rc8 Rg7 46. Rc6+ Rg6 47.
Rxc5 Rg2+ 48. Ke1 Rxc2 49. Rc6+ Kg5 50. Rc5+ Kh4 51. Rf5 Kg3 52. Rg5+ Kxf3 53. Ne5+ Ke4 54. Nc4 Rc1+ 55. Ke2 f3# 0-1

[Event "*** Titled Tuesday Blitz"]
[Site "Chess.com"]
[Date "2020.10.20"]
[Round "6"]
[White "northridgehawk"]
[Black "alejanchess73"]
[Result "1-0"]
[WhiteElo "2241"]
[BlackElo "2426"]
[TimeControl "180+1"]
[EndTime "11:09:04 PDT"]
[Termination "northridgehawk won by checkmate"]

1. e4 e6 2. Nc3 d5 3. d4 Bb4 4. Ne2 Nc6 5. a3 Be7 6. Be3 Nf6 7. e5 Nd7 8. f4 b6 9. Qd2 Bb7 10. O-O-O g6 11. g4 Na5 12. Ng3 c5 13. f5 cxd4 14.
Bxd4 Bg5 15. Be3 Bxe3 16. Qxe3 Qc7 17. fxe6 fxe6 18. Nb5 Qxe5 19. Qxe5 Nxe5 20. Nc7+ Ke7 21. Nxa8 Rxa8 22. h3 Rc8 23. Bg2 Nac4 24. Rhe1 Kd6 25. Ne4+ Ke7 26. Nc3 a6 27. Na4 b5 28. Nb6 Nxb6 29.
Rxe5 Nc4 30. Re2 Kd6 31. Kb1 Re8 32. Ka2 Nb6 33. Rf1 Re7 34. Rf6 Nd7 35. Rf1 Bc6 36.
b3 e5 37. Rd1 e4 38. Rxe4 Rxe4 39. Bxe4 Ke5 40. Bd3 Nc5 41. Kb2 Ne4 42. Re1 Kf4 43.
Rf1+ Kg3 44. Rf7 Kxh3 45. Rxh7+ Kxg4 46. Rg7 Kg5 47. Ra7 Kf4 48. Rxa6 Be8 49. Re6 Bf7 50. Re7 Bg8 51. Bxb5 g5 52. Rg7 Be6 53. a4 g4 54. a5 g3 55. a6 Ng5 56. Bf1 g2 57.
Bxg2 d4 58. a7 d3 59. a8=Q d2 60. Qa4+ Kg3 61. Rxg5+ Kf2 62. Qd4+ Ke1 63. Re5+ Kd1 64. Bf3# 1-0

[Event "*** Titled Tuesday Blitz"]
[Site "Chess.com"]
[Date "2020.10.20"]
[Round "6"]
[White "BocharovD"]
[Black "Leonid_Starozhilov"]
[Result "1-0"]
[WhiteElo "2802"]
[BlackElo "2629"]
[TimeControl "180+1"]
[EndTime "11:09:05 PDT"]
[Termination "BocharovD won by resignation"]

1. c4 Nf6 2. g3 g6 3. Bg2 Bg7 4. Nc3 O-O 5. d4 d6 6. Nf3 c6 7. O-O Bf5 8. Ne1 d5 9. Qb3 Qd7 10. Bg5 Be6 11. cxd5 Nxd5 12. Qd1 Nb6 13. Nf3 Na6 14.
Qc1 Nd5 15. e4 Nxc3 16. bxc3 Bc4 17. Rd1 Nc7 18. Bh6 f6 19. Bxg7 Kxg7 20. Qe3 Rad8 21. a4 b6 22. Nd2 Bf7 23. a5 b5 24. Rab1 Qd6 25. Nb3 Bxb3 26. Rxb3 e6 27. Rbb1 Qe7 28. h4 a6 29. Rd2 Rd7 30. Bf3 Rfd8 31. Kg2 Qa3 32.
h5 g5 33. e5 Nd5 34. exf6+ Kxf6 35. Qe5+ Kf7 36. Qxg5 Qe7 37. Qh6 Kg8 38. Re1 Rd6 39. Re5 Kh8 40. Bxd5 cxd5 41. Rde2 Qf7 42. Rxe6 R6d7 43.
Rf6 Qg7 44. Qxg7+ Kxg7 45. Rxa6 Rc7 46. Re3 Rdc8 47. Rb6 Rxc3 48. Rxc3 Rxc3 49. Rxb5 Rb3 50. Rxd5 Rb5 51. Rxb5 1-0

[Event "*** Titled Tuesday Blitz"]
[Site "Chess.com"]
[Date "2020.10.20"]
[Round "6"]
[White "EvgenyRomanov"]
[Black "Walter_White_Poland"]
[Result "1-0"]
[WhiteElo "2573"]
[BlackElo "2297"]
[TimeControl "180+1"]
[EndTime "11:09:05 PDT"]
[Termination "EvgenyRomanov won on time"]

1. b3 e5 2. Bb2 Nc6 3. c4 Nf6 4. d3 d5 5. cxd5 Nxd5 6. Nf3 Bd6 7. Nbd2 O-O 8. g3 Bg4 9. Bg2 Qd7 10. O-O Bh3 11. Bxh3 Qxh3 12. Rc1 Rae8 13. Ne4 h6 14.
Nc5 b6 15. Ne4 Nd8 16. Nxd6 cxd6 17. e4 Nf6 18. Ba3 Re6 19. Re1 Ng4 20. d4 exd4 21.
Qxd4 Rf6 22. Qd3 Ne6 23. Bb2 Rg6 24. Rc2 Nf4 25. Qf1 Qh5 26. Kh1 Nh3 27. Qg2 Re8 28. Nh4 Ngxf2+ 29. Rxf2 Nxf2+ 30. Qxf2 Rge6 31. Nf5 Rxe4 32. Rxe4 Rxe4 33. Nd4 Qd5 34. Kg1 Re7 35. Qf3 Qe5 36. Qf2 Qe4 37. h4 Qb1+ 38. Kg2 Qd1 39. Qf3 Qd2+ 40. Qf2 Qd1 41. Kh2 Re1 42. Qg2 Qb1 43.
Nf3 Rd1 44. Qe2 1-0